 Dungeon Crawl Stone Soup version 0.31-a0-960-g0fca184906 (webtiles) character file.

Game seed: 648840193447276444

8 sokol815 the Sneak (level 2, -1/17 HPs)
             Began as an Octopode Earth Elementalist on Oct 24, 2023.
             Slain by a ball python (2 damage)
             ... on level 1 of the Dungeon.
             The game lasted 00:00:43 (129 turns).

sokol815 the Sneak (Octopode Earth Elementalist)     Turns: 129, Time: 00:00:43

Health: -1/17      AC:  1    Str:  7    XL:     2   Next: 8%
Magic:  0/5        EV: 10    Int: 17    God:
Gold:   21         SH:  0    Dex: 12    Spells: 4/5 levels left

rFire   . . .        b - +0 short sword
rCold   . . .        (no shield)
rNeg    . . .        (helmet restricted)
rPois   .            (no amulet)
rElec   .            (no ring)
rCorr   .            (no ring)
SInv    .            (no ring)
Will    .....        (no ring)
Stlth   +++          (no ring)
HPRegen 0.22/turn    (no ring)
MPRegen 0.09/turn    (no ring)
                     (no ring)

%: no passive effects
@: constricted
A: almost no armour, amphibious, 8 rings, camouflage 1, gelatinous body 1,
(nimble swimmer 1), tentacles
a: no special abilities


You were on level 1 of the Dungeon.
You visited 1 branch of the dungeon, and saw 1 of its levels.

You collected 21 gold pieces.

Inventory:

Hand Weapons
 b - a +0 short sword (weapon)
   (You took it off a kobold on level 1 of the Dungeon)
Scrolls
 a - a scroll of poison {unknown}
Potions
 c - a potion of lignification {unknown}
 d - a potion of curing {unknown}
 M - a potion of magic


   Skills:
 - Level 2.0 Dodging
 + Level 3.9 Stealth
 - Level 2.0 Spellcasting
 - Level 1.0 Transmutations
 - Level 3.0 Earth Magic


You had 4 spell levels left.
You knew the following spells:

 Your Spells              Type           Power      Damage    Failure   Level
a - Sandblast             Erth           22%        2d7       5%          1

Your spell library contained the following spells:

 Spells                   Type           Power      Damage    Failure   Level
 Passwall                 Tmut/Erth      6%         N/A       13%         2
 Stone Arrow              Conj/Erth      12%        3d7       30%         3
 Petrify                  Tmut/Erth      8%         N/A       63%         4
 Brom's Barrelling Bould  Conj/Erth      6%         2d3       71%         4


Dungeon Overview and Level Annotations

Branches:
Dungeon (1/15) Zot: 5867

Altars:


Innate Abilities, Weirdness & Mutations

You cannot wear most types of armour.
You are amphibious.
You can wear up to eight rings at the same time.
Your skin changes colour to match your surroundings (Stealth+).
Your rubbery body absorbs attacks. (AC +1, EV +1)
((You are camouflaged when in or above water. (Stealth+)))
You have tentacles for arms and can constrict up to eight enemies at once.


Message History

The tentacle slaps the formicid.
The kraken bites the formicid!!
The formicid dies!
The tentacle slaps the orc!
The orc dies!
The tentacle slaps the demonspawn!!
The kraken closely misses the demonspawn.
The dwarf hits the kraken.
The demonspawn hits the kraken!
The demonspawn claws the kraken but does no damage.
The demonspawn gores the kraken but does no damage.
The tentacle slaps the demonspawn.
The kraken bites the demonspawn!
The tentacle slaps the demonspawn!!
The kraken bites the demonspawn!
The demonspawn hits the kraken!
The demonspawn claws the kraken but does no damage.
The demonspawn gores the kraken but does no damage.
The dwarf hits the kraken but does no damage.
The tentacle slaps the demonspawn.
The tentacle slaps the demonspawn!!
The demonspawn dies!
The tentacle slaps the dwarf.
The kraken bites the dwarf.
The tentacle slaps the dwarf!!
The dwarf dies!
There is a stone staircase leading down here.
You now have 21 gold pieces (gained 10).
A kobold comes into view. It is wielding a +0 short sword.
A jackal comes into view.
A jackal comes into view.
The kobold shouts!
The jackal barks!
The jackal barks!
The blast of sand hits the jackal.
You kill the jackal!
You now have 2/3 mp.
The blast of sand hits the kobold.
You kill the kobold!
Your Stealth skill increases to level 3!
You now have 1/3 mp.
The jackal barely misses you. The jackal bites you.
You take 2 damage, and have 9/11 hp.
You tentacle-slap the jackal. You grab the jackal. You constrict the jackal.
The jackal bites you.
You take 1 damage, and have 8/11 hp.
You tentacle-slap the jackal. You constrict the jackal. The jackal bites you.
You barely miss the jackal. You constrict the jackal.
You kill the jackal!
You see here a jackal corpse.
b - a +0 short sword You see here a jackal corpse.
b - a +0 short sword (weapon)
c - a fizzy silvery potion Health restored: 11; MP restored: 3 A rat comes into view.
The blast of sand hits the rat.
You kill the rat!
You now have 2/3 mp.
d - a bubbling silvery potion MP restored: 3 A jackal comes into view.
A ball python comes into view.
A goblin, a ball python and a dart slug come into view.
A jackal comes into view.
Found a stone staircase leading down.
The ball python hisses angrily.
The goblin shouts!
The ball python hisses angrily.
The blast of sand misses the jackal.
You now have 2/3 mp.
The jackal attacks as it pursues you! The jackal barely misses you. x2
Press: ? - help, Q - select action, (/) - cycle Shift-Dir - straight line, f/p - jackal
Aim: a jackal (77% to hit)
The blast of sand hits the jackal!
You kill the jackal!
You now have 1/3 mp.
Press: ? - help, Q - select action, (/) - cycle Shift-Dir - straight line, f - jackal
Aim: a jackal (77% to hit)
The blast of sand hits the jackal.
The jackal closely misses you. The ball python barely misses you.
The ball python closely misses you. The ball python misses you.
The ball python grabs you. The ball python constricts you.
The jackal closely misses you.
The ball python bites you. x2; The ball python constricts you.
The jackal bites you.
* * * LOW HITPOINT WARNING * * *
You take 8 damage, and have 3/11 hp.
MASSIVE DAMAGE!!
You now have 0/3 mp.
You hit the jackal.
You kill the jackal!
The ball python bites you but does no damage.
The ball python misses you. The ball python constricts you.
You have reached level 2!
You regained 2 hp, and now have 5/17 hp.
You hit the ball python.
You kill the ball python!
The ball python closely misses you. The ball python constricts you.
* * * LOW HITPOINT WARNING * * *
The goblin hits you with a +0 club.
* * * LOW HITPOINT WARNING * * *
The ball python misses you. The ball python constricts you.
You take 4 damage, and have 1/17 hp.
MASSIVE DAMAGE!!
You hit the ball python. Your grab misses the ball python.
The goblin barely misses you. The ball python bites you.
You die...

####### ......> ####
....... ##########...
....... ##...#...##...
....... ##.........#...
.......#####..............
.......wg@................
........S†................
.......#####..........#...
....... ###............
....... ###..........
####### ###..##....
###....##. #.........
#.........


You could see a dart slug, a goblin and a ball python.

Vanquished Creatures
  4 jackals (D:1)
  A kobold (D:1)
  A ball python (D:1)
  A rat (D:1)
7 creatures vanquished.

Vanquished Creatures (others)
  A minotaur (D:1)
  A demonspawn (D:1)
  A troll (D:1)
  A merfolk (D:1)
  A spriggan (D:1)
  A human (D:1)
  A formicid (D:1)
  A dwarf (D:1)
  3 tengu (D:1)
  A felid (D:1)
  3 orcs (D:1)
  4 tentacles (D:1)
19 creatures vanquished.

Grand Total: 26 creatures vanquished

Notes
Turn   | Place    | Note
-------+----------+-------------------------------------------
     0 | D:1      | sokol815 the Octopode Earth Elementalist began the quest
                  | for the Orb.
     0 | D:1      | Reached XP level 1. HP: 11/11 MP: 3/3
     3 | D:1      | Killed a minotaur
     3 | D:1      | Killed a spriggan
     5 | D:1      | Killed a tengu
     6 | D:1      | Killed a tengu
     7 | D:1      | Killed a human
     8 | D:1      | Noticed a troll
     8 | D:1      | Noticed a formicid
     8 | D:1      | Noticed a felid
     8 | D:1      | Noticed a tengu
     8 | D:1      | Noticed a kraken
     8 | D:1      | Noticed a demonspawn
     8 | D:1      | Noticed a merfolk
     8 | D:1      | Noticed a dwarf
     8 | D:1      | Killed a troll
    10 | D:1      | Killed a felid
    10 | D:1      | Killed a tengu
    10 | D:1      | Killed a merfolk
    11 | D:1      | Killed a formicid
    14 | D:1      | Killed a demonspawn
    14 | D:1      | Killed a dwarf
    54 | D:1      | Reached skill level 3 in Stealth
   128 | D:1      | Reached XP level 2. HP: 5/17 MP: 0/5
   128 | D:1      | HP: 4/17 [constriction (1)]
   128 | D:1      | HP: 1/17 [goblin/+0 club (3)]
   129 | D:1      | Slain by a ball python

Illustrated notes

Levels and vault maps discovered:
D:1:      nicolae_arrival_kraken_aquarium_b, layout_rooms

Skill      XL: |  1 |
---------------+----+-----
Stealth        | 3 |  3.9
Dodging        | |  2.0
Spellcasting   | |  2.0
Transmutations | |  1.0
Earth Magic    | |  3.0

Action                     || total
---------------------------++-------
  Melee: Unarmed           ||     3
         Short sword       ||     3
         Constrict         ||     1
   Cast: Sandblast         ||     6
 Armour: Skin              ||     9
  Dodge: Dodged            ||    12

Table legend: (Time is in decaauts)
 A = Elapsed time spent in this place.
 B = Non-inter-level travel time spent in this place.
 C = Inter-level travel time spent in this place.
 D = Time resting spent in this place.
 E = Time spent auto-exploring this place.
 F = Levels seen in this place.
 G = Mean time per level.
                   A        B        C        D        E       F      G
               +--------+--------+--------+--------+--------+-----+--------+
         Total |    131 |    131 |      0 |      0 |     94 |   1 |  131.0 |
       Dungeon |    131 |    131 |      0 |      0 |     94 |   1 |  131.0 |
               +--------+--------+--------+--------+--------+-----+--------+

Top non-repeatable levels by time:
     D:1: 131 daAuts

Levels and vault maps discovered:
D:1:      nicolae_arrival_kraken_aquarium_b, layout_rooms

Table legend: (Time is in decaauts)
 A = Elapsed time spent in this place.
 B = Non-inter-level travel time spent in this place.
 C = Inter-level travel time spent in this place.
 D = Time resting spent in this place.
 E = Time spent auto-exploring this place.
 F = Levels seen in this place.
 G = Mean time per level.
                   A        B        C        D        E       F      G
               +--------+--------+--------+--------+--------+-----+--------+
         Total |    131 |    131 |      0 |      0 |     94 |   1 |  131.0 |
       Dungeon |    131 |    131 |      0 |      0 |     94 |   1 |  131.0 |
               +--------+--------+--------+--------+--------+-----+--------+

Top non-repeatable levels by time:
     D:1: 131 daAuts

Table legend:
 A = Kills in this place as a percentage of kills in the entire game.
 B = Kills by you in this place as a percentage of kills by you in the entire game.
 C = Kills by friends in this place as a percentage of kills by friends in the entire game.
 D = Other kills in this place as a percentage of other kills in the entire game.
 E = Experience gained in this place as a percentage of experience gained in the entire game.
 F = Experience gained in this place divided by the number of levels of this place that you have seen.
                   A       B       C       D       E      F
               +-------+-------+-------+-------+-------+----------------------
         Total | 100.0 | 100.0 |   N/A |   N/A | 100.0 |  12.0
       Dungeon | 100.0 | 100.0 |   N/A |   N/A | 100.0 |  12.0
               +-------+-------+-------+-------+-------+----------------------
